 Dungeon Crawl Stone Soup version 0.30.0-15-g856e2d3f33 (webtiles) character file.

Game seed: 1680755877801075682

78 browni3141 the Caller (level 4, -1/30 HPs)
             Began as a Mummy Summoner on May 19, 2023.
             Slain by a steam dragon (4 damage)
             ... on level 4 of the Dungeon.
             The game lasted 00:05:51 (913 turns).

browni3141 the Caller (Mummy Summoner)               Turns: 913, Time: 00:05:52

Health: -1/30      AC:  5    Str: 11    XL:     4   Next: 15%
Magic:  0/8        EV: 12    Int: 16    God:
Gold:   77         SH:  0    Dex: 12    Spells: 3/8 levels left

rFire   x . .        c - +0 short sword
rCold   + . .        (no shield)
rNeg    + + +        a - +0 robe
rPois   ∞            f - +2 helmet {SInv}
rElec   .            (no cloak)
rCorr   .            (no gloves)
SInv    +            (no boots)
Will    .....        (no amulet)
Stlth   ++           (no ring)
HPRegen 0.25/turn    (no ring)
MPRegen 0.11/turn

%: faith
@: no status effects
A: cold resistance 1, negative energy resistance 3, torment resistance 2, heat
vulnerability 1, in touch with death 1, no potions, faith
a: no special abilities


You were on level 4 of the Dungeon.
You visited 1 branch of the dungeon, and saw 4 of its levels.

You collected 77 gold pieces.

Inventory:

Hand Weapons
 c - a +0 short sword (weapon)
Armour
 a - a +0 robe (worn)
 b - a +0 helmet
 f - a +2 helmet of see invisible (worn)
Jewellery
 g - a ring of ice


   Skills:
 - Level 1.7 Dodging
 - Level 1.7 Stealth
 - Level 2.9 Spellcasting
 * Level 4.5 Summonings


You had 3 spell levels left.
You knew the following spells:

 Your Spells              Type           Power      Damage    Failure   Level
a - Call Canine Familiar  Summ           16%        N/A       9%          3
x - Call Imp              Summ           32%        N/A       4%          2

Your spell library contained the following spells:

 Spells                   Type           Power      Damage    Failure   Level
 Summon Small Mammal      Summ           64%        N/A       3%          1
 Summon Guardian Golem    Hex/Summ       9%         N/A       22%         3
 Summon Lightning Spire   Summ/Air       9%         N/A       58%         4


Dungeon Overview and Level Annotations

Branches:
Dungeon (4/15)
 Temple: D:4-7

Altars:
Gozag
Uskayaw
Wu Jian


Innate Abilities, Weirdness & Mutations

You are immune to poison.
Your flesh is cold resistant. (rC+)
You are immune to negative energy. (rN+++)
You are immune to unholy pain and torment.
You are vulnerable to heat. (rF-)
You are in touch with the powers of death.
You do not drink.
You have a special connection with the divine. (Faith)


Message History

The orc dies!
You swap places.
You swap places.
Items here: ( )) †.
Your cerulean imp disappears in a puff of smoke!
Things that are here:
a +0 hand axe; an orc corpse A dart slug comes into view.
You swap places.
The dart slug launches a dart at you. The slug dart hits your hound.
Your hound bites the dart slug.
The dart slug bites your hound.
Your hound bites the dart slug.
Your hound bites the dart slug. x2
The dart slug dies!
You now have 76 gold pieces (gained 6).
You now have 77 gold pieces (gained 1).
Found a hide-covered altar of Uskayaw.
Found a stone staircase leading down.
Really walk into a travel-excluded area?
The iguana hisses angrily.
Casting: Call Canine Familiar (quite dangerous; 10% risk of failure)
Confirm with . or Enter, or press ? or * to list all spells.
You miscast Call Imp.
You are very lightly contaminated with residual magic.
Nothing appears to happen.
Casting: Call Imp (safe; 4% risk of failure)
Press: ? - help, Q - select action, (/) - cycle Dir - look around, f - activate A tiny devil pulls itself out of the air.
Your hound barely misses the iguana.
The iguana bites your hound but does no damage.
Your hound bites the iguana.
The iguana bites your hound!
Your hound bites the iguana but does no damage.
Your cerulean imp hits the iguana from afar with a -3 spear.
Your hound bites the iguana.
The iguana bites your hound!
Your hound dies!
Your hound's corpse disappears in a puff of smoke!
Your cerulean imp barely misses the iguana.
Casting: Call Imp (safe; 4% risk of failure)
Confirm with . or Enter, or press ? or * to list all spells.
The spell is quite dangerous to miscast (10% risk of failure)!
Continue anyway?
Your cerulean imp hits the iguana with a -3 spear.
The iguana bites your cerulean imp!
Your cerulean imp hits the iguana but does no damage.
The iguana barely misses your cerulean imp.
Your cerulean imp hits the iguana with a -3 spear.
The iguana dies!
Your magical contamination has completely faded away.
You have reached level 4!
There is a stone staircase leading down here.
You climb downwards.
Your summoned allies are left behind.
There is a stone staircase leading up here.
A hobgoblin comes into view.
The hobgoblin shouts!
You hear a shout! x2
You barely miss the hobgoblin.
The hobgoblin hits you but does no damage.
You barely miss the hobgoblin. The hobgoblin closely misses you.
An orc priest comes into view. It is wielding a +0 club.
You hit the hobgoblin.
The hobgoblin is moderately wounded.
The hobgoblin hits you.
You hit the hobgoblin.
You kill the hobgoblin!
An orc comes into view. It is wielding a +0 hand axe.
The orc shouts!
The orc attacks as you move away!
The orc closely misses you. 2 orc wizards and a steam dragon come into view.
The orc wizard shouts! x2; The steam dragon hisses angrily.
You hear an angry hiss.
A ball python comes into view.
The steam dragon breathes steam at you. The ball of steam hits you!!
The steam scalds you terribly!
Ouch! That really hurt!
* * * LOW HITPOINT WARNING * * *
The steam dragon attacks as you move away!
The steam dragon bites you.
* * * LOW HITPOINT WARNING * * *
The steam dragon barely misses you.
The orc wizard hits you but does no damage.
The steam dragon attacks as you move away!
The steam dragon completely misses you. The steam dragon closely misses you.
The orc wizard gestures wildly while chanting.
The orc wizard flickers and vanishes for a moment.
As you read the scroll labelled GAFIEH SOSADGH, it crumbles to dust.
It is a scroll of amnesia.
Forget Summon Small Mammal, freeing 1 spell level for a total of 3?
Your memory of Summon Small Mammal unravels.
The steam dragon misses you.
The steam dragon claws you but does no damage.
Unknown command.
As you read the scroll labelled EMEAFOCWAR, it crumbles to dust.
It is a scroll of identify.
You don't currently have any unidentified items.
The steam dragon closely misses you. The steam dragon barely misses you.
Unknown command.
Casting: Call Canine Familiar (quite dangerous; 9% risk of failure)
Confirm with . or Enter, or press ? or * to list all spells.
The spell is quite dangerous to miscast (9% risk of failure)!
Continue anyway?
The steam dragon bites you.
You die...

#.... #.....###.
..#
.....#......#.###.#
.....#..<..#.....##
. #......#......#
... ##..o.o#o.S..#
.....#.###.#..o...#
#.....###.....#
#......#D###o##
#.....#..@..##
#......#....h.#
##.....#.....##
####.#......#
####.....# .###.##
#. ## ##


You could see a steam dragon (ally target), an orc wizard and a friendly hound
(summoned).

Vanquished Creatures
  2 endoplasms
  4 giant cockroaches
  2 hobgoblins
  A quokka (D:3)
  3 frilled lizards
  2 kobolds
  3 rats
17 creatures vanquished.

Vanquished Creatures (collateral kills)
  An iguana (D:3)
  An adder (D:2)
  A worm (D:3)
  A dart slug (D:3)
  4 orcs
  A bat (D:3)
  2 hobgoblins (D:2)
  3 kobolds
  2 ball pythons
16 creatures vanquished.

Grand Total: 33 creatures vanquished

Notes
Turn   | Place    | Note
-------+----------+-------------------------------------------
     0 | D:1      | browni3141 the Mummy Summoner began the quest for the Orb.
     0 | D:1      | Reached XP level 1. HP: 13/13 MP: 4/4
   121 | D:2      | Noticed a scorpion
   165 | D:3      | Reached XP level 2. HP: 17/19 MP: 5/5
   223 | D:3      | Learned a level 2 spell: Call Imp
   358 | D:3      | Found an ornate altar of the Wu Jian Council.
   465 | D:2      | Identified the +0 mace of Colamaq {antimagic, rN+ Str+3}
   567 | D:2      | Gained mutation: You are in touch with the powers of death.
                  | [Mummy growth]
   567 | D:2      | Reached XP level 3. HP: 16/24 MP: 4/7
   592 | D:2      | Learned a level 3 spell: Call Canine Familiar
   673 | D:2      | Reached skill level 4 in Summonings
   716 | D:3      | Found an opulent altar of Gozag.
   875 | D:3      | Found a hide-covered altar of Uskayaw.
   887 | D:3      | Reached XP level 4. HP: 30/30 MP: 0/8
   907 | D:4      | Noticed a steam dragon
   908 | D:4      | HP: 1/30 [steam dragon (2)]
   913 | D:4      | Slain by a steam dragon

Illustrated notes

Levels and vault maps discovered:
D:1:      dpeg_arrival_rhombi, layout_loops_ring
D:2:      layout_loops_ring
D:3:      layout_loops_ring, mainiacjoe_overflow_tiny_flanked,
          nicolae_overflow_hidden_temple, mainiacjoe_overflow_boulevard,
          mainiacjoe_overflow_concentric_impassable
D:4:      nicolae_BIG_FREAKIN_CUBE, layout_rooms, marbit_many_paths,
          serial_demonic, serial_demonic_g, serial_demonic_b, serial_demonic_g,
          serial_demonic_d

Skill      XL: |  1  2  3 |
---------------+----------+-----
Summonings     | 4 |  4.5
Dodging        | |  1.7
Stealth        | |  1.7
Spellcasting   | |  2.9

Action                     |  1- 3 |  4- 6 || total
---------------------------+-------+-------++-------
  Melee: Short sword       |    83 |     4 ||    87
         Unarmed           |     1 |       ||     1
   Cast: Summon Small Mamm |    21 |       ||    21
         Call Imp          |     7 |       ||     7
         Call Canine Famil |     3 |     1 ||     4
    Use: Scroll            |       |     2 ||     2
   Stab: Sleeping          |     2 |       ||     2
         Distracted        |     1 |       ||     1
 Armour: Robe              |    25 |     3 ||    28
  Dodge: Dodged            |    51 |     8 ||    59
